 Dungeon Crawl Stone Soup version 0.29.1-2-gbd0b4ee654 (webtiles) character file.

Game seed: 7442923245206675133

111 styxcanada the Covert (level 4, 0/23 HPs)
             Began as a Spriggan Brigand on Nov 2, 2022.
             Killed from afar by a goblin (7 damage)
             ... with a puff of flame
             ... on level 3 of the Dungeon.
             The game lasted 00:07:27 (2688 turns).

styxcanada the Covert (Spriggan Brigand)            Turns: 2688, Time: 00:07:28

Health: 0/23       AC:  4    Str:  7    XL:     4   Next: 62%
Magic:  5/5        EV: 17    Int: 12    God:
Gold:   163        SH:  0    Dex: 18    Spells: 3/3 levels left

rFire   . . .      SeeInvis +   a - +2 dagger
rCold   . . .      Faith    .   (no shield)
rNeg    . . .      Spirit   .   b - +0 robe
rPois   .          Reflect  .   (helmet restricted)
rElec   .          Harm     .   c - +1 cloak
rCorr   .          Rampage  .   (gloves unavailable)
Will    .....                   (boots unavailable)
Stlth   ++++......              (no amulet)
HPRegen 0.07/turn               (no ring)
MPRegen 0.09/turn               (no ring)

@: very quick
A: very small, no large weapons, unfitting armour, see invisible, speed 3
a: no special abilities


You were on level 3 of the Dungeon.
You visited 1 branch of the dungeon, and saw 3 of its levels.

You collected 163 gold pieces.

Inventory:

Hand Weapons
 a - a +2 dagger (weapon)
 q - a +1 sling
Missiles
 d - 8 poisoned darts (quivered)
 e - 3 curare-tipped darts
 k - 4 atropa-tipped darts
 o - 26 stones
Armour
 b - a +0 robe (worn)
 c - a +1 cloak (worn)
Scrolls
 p - a scroll of fear
Potions
 f - a potion of berserk rage
 g - a potion of brilliance
 h - 6 potions of curing
 i - a potion of lignification {unknown}
 j - 2 potions of ambrosia {unknown}
 l - a potion of haste {unknown}
 m - a potion of magic {unknown}
 n - 3 potions of heal wounds {unknown}
 r - a potion of attraction {unknown}


   Skills:
 * Level 1.8 Fighting
 + Level 2.6 Short Blades
 + Level 2.3 Throwing
 * Level 2.2 Dodging
 * Level 8.2 Stealth


You had 3 spell levels left.
You didn't know any spells.
Your spell library was empty.

Dungeon Overview and Level Annotations

Branches:
Dungeon (3/15)

Altars:
Hepliaklqana


Innate Abilities, Weirdness & Mutations

You are very small and have problems with some larger weapons.
You are too small for most types of armour.
You have supernaturally acute eyesight. (SInv)
You cover ground extremely quickly. (Speed+++)


Message History

You kill the frilled lizard!
You hear a shout! x2; The hobgoblin shouts!
The goblin zaps a wand.
The puff of flame hits you.
The goblin unwields a +0 dagger.
The goblin wields a +0 sling.
The goblin shoots a sling bullet.
The sling bullet misses you.
You hit the dart slug.
The dart slug is moderately wounded.
The dart slug barely misses you.
You hit the dart slug.
The dart slug is heavily wounded.
A kobold comes into view. It is wielding a +0 dagger.
You hit the dart slug.
The dart slug is heavily wounded.
The dart slug bites you but does no damage.
You hit the dart slug.
The dart slug is almost dead.
The dart slug launches a dart at you. The slug dart misses you.
You completely miss the dart slug.
The dart slug is almost dead.
You hit the dart slug.
You kill the dart slug!
The hobgoblin misses you.
The goblin unwields a +0 sling.
The goblin wields a +0 dagger.
The goblin misses you.
You hit the hobgoblin.
The hobgoblin is heavily wounded.
The hobgoblin closely misses you.
You barely miss the hobgoblin.
The hobgoblin is heavily wounded.
The goblin closely misses you. The hobgoblin misses you.
You hit the hobgoblin.
You kill the hobgoblin!
The goblin closely misses you.
You barely miss the goblin.
The goblin zaps a wand.
The puff of flame hits you!
You closely miss the goblin. The goblin hits you but does no damage.
You hit the goblin.
The goblin is heavily wounded.
A hobgoblin comes into view.
The goblin zaps a wand.
The puff of flame hits you!
You die...

... #..# .# #..# .# #
#####..##.# . . #
#.......#.# . ...###
#$#.#.#...# #.# #....
#.....K...###.## #.##
##.#.#.#@...#...# #...
#......g†.#...... #.##
#..#.#(#....#... #.##
#........#.###.# #####.##
#g.#######.###.###.......
## #.##..........##
#.##..###.###.## #.##..#
#.# #.## #.##..# #.# #...


You could see a hobgoblin, a goblin and a kobold.

Vanquished Creatures
  Crazy Yiuf (D:2)
  2 adders (D:2)
  3 worms (D:2)
  3 dart slugs
  2 ball pythons (D:1)
  3 endoplasms
  3 giant cockroaches
  5 goblins
  6 hobgoblins
  3 jackals (D:3)
  A quokka (D:2)
  4 bats
  A frilled lizard (D:3)
  A kobold (D:2)
  7 rats
45 creatures vanquished.

Vanquished Creatures (others)
  3 fungi (D:2)
3 creatures vanquished.

Grand Total: 48 creatures vanquished

Notes
Turn   | Place    | Note
-------+----------+-------------------------------------------
     0 | D:1      | styxcanada the Spriggan Brigand began the quest for the
                  | Orb.
     0 | D:1      | Reached XP level 1. HP: 10/10 MP: 2/2
    75 | D:1      | Reached skill level 6 in Stealth
   155 | D:1      | Reached XP level 2. HP: 14/14 MP: 3/3
   477 | D:1      | Found a faded altar of an unknown god.
  1118 | D:2      | Found a hazy altar of Hepliaklqana.
  1201 | D:2      | Reached skill level 7 in Stealth
  1270 | D:2      | Reached XP level 3. HP: 8/18 MP: 4/4
  1918 | D:2      | Found a runed translucent door.
  1919 | D:2      | Noticed Crazy Yiuf
  1981 | D:2      | Killed Crazy Yiuf
  1982 | D:2      | Reached skill level 8 in Stealth
  1982 | D:2      | Reached XP level 4. HP: 7/23 MP: 5/5
  2688 | D:3      | Killed from afar by a goblin

Illustrated notes

Levels and vault maps discovered:
D:1:      matt_arrival_spirals, layout_loops_ring,
          dreamdust_ecumenical_altar_angels_and_demons
D:2:      layout_basic, basic_altar, dreamdust_mushroom_princess,
          uniq_crazy_yiuf_cottage
D:3:      layout_loops_ring, serial_glass, glass_columns_b, glass_columns_a

Skill      XL: |  1  2  3 |
---------------+----------+-----
Stealth        | 6 7 8 |  8.2
Dodging        | 2 |  2.2
Fighting       | |  1.8
Short Blades   | |  2.6
Throwing       | |  2.3

Action                   |  1- 3 |  4- 6 || total
-------------------------+-------+-------++-------
Melee: Dagger            |    63 |    32 ||    95
       Punch             |     1 |     1 ||     2
Throw: Dart              |    17 |     4 ||    21
  Use: Scroll            |     3 |     6 ||     9
 Stab: Sleeping          |    10 |     5 ||    15
Armor: Robe              |     5 |     3 ||     8
Dodge: Dodged            |    31 |    18 ||    49
